[Event "5th CNE NED-ch Rapid 2019"]
[Site "Amstelveen"]
[Date "2019.12.01"]
[Round "1.2"]
[White "Van den Doel, Erik"]
[Black "Van Foreest, Jorden"]
[Result "1-0"]
[ECO "B31"]
[WhiteElo "2598"]
[BlackElo "2632"]
[Annotator "ChessBase"]
[PlyCount "53"]
[EventDate "2019.11.30"]
[EventType "tourn"]
[EventCountry "NED"]
[SourceTitle "playchess.com"]
[Source "ChessBase"]
[SourceQuality "1"]
[TimeControl "900+10"]

1. e4 c5 2. Nf3 Nc6 3. Bb5 g6 4. O-O Bg7 5. c3 e5 6. d4 cxd4 7. cxd4 exd4 8. Bf4 Nge7 9. Bd6 a6 10. Qa4 O-O 11. Nbd2 b6 12. Qa3 Ra7 13. Bc4 b5 14. Bd5 b4 15. Qa4 Rb7 16. Bc4 Kh8 17. e5 f6 18. exf6 Rxf6 19. Ng5 Nf5 20. Nde4 Nxd6 21. Nxd6 Ne5 22. Rae1 Bf8 23. Nxb7 Bxb7 24. Rxe5 Qc7 25. Rfe1 Qxc4 26. Qxd7 Qc2 27. Qxh7# 1-0

[Event "5th CNE NED-ch Rapid 2019"]
[Site "Amstelveen"]
[Date "2019.12.01"]
[Round "1.3"]
[White "Ernst, Sipke"]
[Black "Reinderman, Dimitri"]
[Result "1/2-1/2"]
[ECO "D02"]
[WhiteElo "2553"]
[BlackElo "2575"]
[Annotator "ChessBase"]
[PlyCount "120"]
[EventDate "2019.11.30"]
[EventType "tourn"]
[EventCountry "NED"]
[SourceTitle "playchess.com"]
[Source "ChessBase"]
[SourceQuality "1"]
[TimeControl "900+10"]

1. d4 e6 2. Bf4 d5 3. e3 Bd6 4. Nf3 Nf6 5. Nbd2 b6 6. Bb5+ c6 7. Bd3 O-O 8. O-O c5 9. Ne5 Bb7 10. Qf3 Qc7 11. c3 Nfd7 12. Qh3 f5 13. Ndf3 Nxe5 14. Ng5 h6 15. Nxe6 Nxd3 16. Nxc7 Nxf4 17. exf4 Bxc7 18. Rfe1 Bxf4 19. dxc5 bxc5 20. Rad1 Nd7 21. Re7 Rad8 22. Qd3 Bg5 23. Re6 Nb6 24. Qb5 d4 25. Qxc5 dxc3 26. Rxd8 Rxd8 27. Qxc3 Bf6 28. Qe1 Kf7 29. Re2 Nd5 30. g3 Rc8 31. Qa5 a6 32. Qd2 Bg5 33. f4 Bd8 34. Re5 Bb6+ 35. Kf1 Rd8 36. Qc2 g6 37. Qb3 Rd6 38. Qa3 Rd7 39. Qb3 Ba7 40. Qa4 Nf6 41. h3 Bd4 42. Qc4+ Bd5 43. Qa4 Be6 44. Rxe6 Kxe6 45. Qxa6+ Kf7 46. b4 g5 47. Qc6 gxf4 48. gxf4 Ke7 49. b5 Be3 50. b6 Bxf4 51. b7 Bb8 52. Qc8 Rd8 53. Qxf5 Nd5 54. Qh7+ Kd6 55. a4 Kc6 56. a5 Rd7 57. Qxh6+ Kxb7 58. Qe6 Rd6 59. Qe4 Bc7 60. h4 Bxa5 1/2-1/2

[Event "5th CNE NED-ch Rapid 2019"]
[Site "Amstelveen"]
[Date "2019.12.01"]
[Round "2.2"]
[White "Reinderman, Dimitri"]
[Black "Smeets, Jan"]
[Result "0-1"]
[ECO "A11"]
[WhiteElo "2575"]
[BlackElo "2596"]
[Annotator "ChessBase"]
[PlyCount "58"]
[EventDate "2019.11.30"]
[EventType "tourn"]
[EventCountry "NED"]
[SourceTitle "playchess.com"]
[Source "ChessBase"]
[SourceQuality "1"]
[TimeControl "900+10"]

1. Nf3 d5 2. c4 c6 3. g3 Nf6 4. Bg2 dxc4 5. O-O b5 6. b3 cxb3 7. Qxb3 e6 8. a4 b4 9. a5 Bb7 10. Ne5 Qc8 11. d4 c5 12. Bb2 Bxg2 13. Kxg2 Nbd7 14. Qa4 c4 15. Rc1 c3 16. Bxc3 Qb7+ 17. f3 bxc3 18. Nxc3 Qb4 19. Nb5 Qxa4 20. Nc7+ Ke7 21. Rxa4 Nxe5 22. dxe5 Rb8 23. Na6 Rb2 24. exf6+ Kxf6 25. Rc7 Bd6 26. Rd7 Rxe2+ 27. Kh3 Be5 28. f4 Bb2 29. Nc5 Rc8 0-1

[Event "5th CNE NED-ch Rapid 2019"]
[Site "Amstelveen"]
[Date "2019.12.01"]
[Round "2.3"]
[White "Van Foreest, Jorden"]
[Black "Ernst, Sipke"]
[Result "1/2-1/2"]
[ECO "C83"]
[WhiteElo "2632"]
[BlackElo "2553"]
[Annotator "ChessBase"]
[PlyCount "124"]
[EventDate "2019.11.30"]
[EventType "tourn"]
[EventCountry "NED"]
[SourceTitle "playchess.com"]
[Source "ChessBase"]
[SourceQuality "1"]
[TimeControl "900+10"]

1. e4 e5 2. Nf3 Nc6 3. Bb5 a6 4. Ba4 Nf6 5. O-O Nxe4 6. d4 b5 7. Bb3 d5 8. dxe5 Be6 9. c3 Be7 10. Bc2 O-O 11. Nbd2 Nxd2 12. Qxd2 Qd7 13. Qd3 g6 14. Bh6 Rfe8 15. Rfe1 Bf5 16. Qd2 Bxc2 17. Qxc2 Nd8 18. h3 Ne6 19. Rad1 Rad8 20. Nh2 d4 21. cxd4 Nxd4 22. Qe4 Bb4 23. Ng4 Be7 24. Be3 c5 25. b4 h5 26. bxc5 Ne2+ 27. Kh2 Nc3 28. Rxd7 Nxe4 29. Nh6+ Kg7 30. c6 Rxd7 31. cxd7 Rd8 32. e6 fxe6 33. Bb6 Rxd7 34. Rxe4 Kxh6 35. Rxe6 Kg7 36. g4 Kf7 37. Re2 hxg4 38. hxg4 g5 39. Kg2 b4 40. Re5 Rd3 41. Ra5 Ke6 42. Be3 Ra3 43. Rxa3 bxa3 44. Kf3 Kd5 45. Ke2 Kc4 46. Kd2 Bd8 47. Kc2 Bf6 48. Bc1 Be7 49. f3 Kd4 50. Kb3 Kd3 51. f4 gxf4 52. Bxf4 Ke4 53. Bc1 Kd5 54. Ka4 Kc6 55. Bxa3 Bg5 56. Ka5 Kb7 57. Kb4 Kc6 58. Kc4 Bf6 59. Bc1 Kd6 60. Bf4+ Kc6 61. g5 Bxg5 62. Bxg5 a5 1/2-1/2

[Event "5th CNE NED-ch Rapid 2019"]
[Site "Amstelveen"]
[Date "2019.12.01"]
[Round "2.4"]
[White "Van Wely, Loek"]
[Black "Van den Doel, Erik"]
[Result "1/2-1/2"]
[ECO "A11"]
[WhiteElo "2610"]
[BlackElo "2598"]
[Annotator "ChessBase"]
[PlyCount "101"]
[EventDate "2019.11.30"]
[EventType "tourn"]
[EventCountry "NED"]
[SourceTitle "playchess.com"]
[Source "ChessBase"]
[SourceQuality "1"]
[TimeControl "900+10"]

1. c4 c6 2. Nf3 d5 3. e3 Nf6 4. Nc3 e6 5. b3 Bd6 6. Bb2 O-O 7. Qc2 e5 8. cxd5 cxd5 9. Nb5 Nc6 10. Nxd6 Qxd6 11. Rc1 Bg4 12. Qc5 Qe6 13. Qb5 Rab8 14. h3 Bxf3 15. gxf3 Rfc8 16. Bg2 Ne8 17. f4 e4 18. Rg1 Nd6 19. Qa4 Nf5 20. Bf1 a6 21. Be2 Nce7 22. Rxc8+ Rxc8 23. Bg4 Ng6 24. Ke2 Ngh4 25. Bxg7 Nf3 26. Bxf3 exf3+ 27. Kxf3 Nxg7 28. Kg3 Kh8 29. Kh2 Nf5 30. Rg4 f6 31. Qb4 b5 32. a4 bxa4 33. bxa4 d4 34. Qb7 dxe3 35. dxe3 Rc2 36. Rg2 Rc4 37. Qb8+ Rc8 38. Qb7 Rg8 39. Rg4 Rxg4 40. hxg4 Nh6 41. g5 fxg5 42. fxg5 Nf7 43. f4 Kg7 44. Qb2+ Kg8 45. Qb8+ Kg7 46. Qb2+ Kg6 47. Qc2+ Qf5 48. Qc6+ Kh5 49. Qxa6 Qg4 50. Qf1 Kg6 51. Qd3+ 1/2-1/2

[Event "5th CNE NED-ch Rapid 2019"]
[Site "Amstelveen"]
[Date "2019.12.01"]
[Round "3.2"]
[White "Smeets, Jan"]
[Black "Van Foreest, Jorden"]
[Result "1-0"]
[ECO "B92"]
[WhiteElo "2596"]
[BlackElo "2632"]
[Annotator "ChessBase"]
[PlyCount "73"]
[EventDate "2019.11.30"]
[EventType "tourn"]
[EventCountry "NED"]
[SourceTitle "playchess.com"]
[Source "ChessBase"]
[SourceQuality "1"]
[TimeControl "900+10"]

1. e4 c5 2. Nf3 d6 3. d4 cxd4 4. Nxd4 Nf6 5. Nc3 a6 6. Be2 e5 7. Nf5 d5 8. Bg5 d4 9. Bxf6 gxf6 10. Nb1 Bb4+ 11. Kf1 Bxf5 12. exf5 Nc6 13. Bd3 Qd5 14. Qe2 O-O-O 15. a3 Qa5 16. g3 Kb8 17. Qf3 Ne7 18. Be4 Nc8 19. Bxb7 Qb5+ 20. Kg2 Qxb7 21. axb4 e4 22. Qf4+ Nd6 23. Nd2 Rhe8 24. Nc4 e3+ 25. f3 Qc7 26. Rxa6 Qxc4 27. Rxd6 Qxc2+ 28. Kh3 Qc7 29. Rb6+ Kc8 30. Rc1 Rd7 31. Rxc7+ Rxc7 32. Ra6 Re5 33. Qxd4 e2 34. Ra8+ Kb7 35. Qa7+ Kc6 36. Qa6+ Kd7 37. Qxf6 1-0

[Event "5th CNE NED-ch Rapid 2019"]
[Site "Amstelveen"]
[Date "2019.12.01"]
[Round "3.3"]
[White "Van den Doel, Erik"]
[Black "Timman, Jan H"]
[Result "1/2-1/2"]
[ECO "C07"]
[WhiteElo "2598"]
[BlackElo "2528"]
[Annotator "ChessBase"]
[PlyCount "63"]
[EventDate "2019.11.30"]
[EventType "tourn"]
[EventCountry "NED"]
[SourceTitle "playchess.com"]
[Source "ChessBase"]
[SourceQuality "1"]
[TimeControl "900+10"]

1. e4 e6 2. d4 d5 3. Nd2 c5 4. Ngf3 cxd4 5. Nxd4 Nc6 6. Bb5 Bd7 7. Nxc6 bxc6 8. Bd3 Qc7 9. Qe2 Bd6 10. Nf3 dxe4 11. Qxe4 Nf6 12. Qh4 c5 13. Bg5 Nd5 14. O-O f6 15. Qh5+ Ke7 16. Bd2 Bf4 17. c4 g6 18. Qh4 Bxd2 19. cxd5 Qf4 20. Qxf4 Bxf4 21. dxe6 Bxe6 22. Rfe1 Kf7 23. Re4 Bd6 24. Bc4 Bxc4 25. Rxc4 Rhd8 26. Kf1 a5 27. Rd1 a4 28. Rd3 Rab8 29. b3 axb3 30. axb3 Be7 31. Rxd8 Bxd8 32. Rxc5 1/2-1/2

[Event "5th CNE NED-ch Rapid 2019"]
[Site "Amstelveen"]
[Date "2019.12.01"]
[Round "3.4"]
[White "Pruijssers, Roeland"]
[Black "Reinderman, Dimitri"]
[Result "1/2-1/2"]
[ECO "C03"]
[WhiteElo "2557"]
[BlackElo "2575"]
[Annotator "ChessBase"]
[PlyCount "55"]
[EventDate "2019.11.30"]
[EventType "tourn"]
[EventCountry "NED"]
[SourceTitle "playchess.com"]
[Source "ChessBase"]
[SourceQuality "1"]
[TimeControl "900+10"]

1. e4 e6 2. d4 d5 3. Nd2 h6 4. Ngf3 Nf6 5. Bd3 c5 6. c3 Nc6 7. dxc5 Bxc5 8. O-O dxe4 9. Nxe4 Nxe4 10. Bxe4 Qxd1 11. Rxd1 a5 12. Bf4 Ke7 13. Bxc6 bxc6 14. Ne5 Ra6 15. Nc4 f6 16. Bd6+ Bxd6 17. Nxd6 e5 18. Ne4 Rb6 19. b3 Bf5 20. Nc5 Rbb8 21. c4 Rhd8 22. Kf1 Rd4 23. Ke2 Kd6 24. Na4 c5 25. Nc3 Bd7 26. Ne4+ Kc6 27. Nc3 Kd6 28. Ne4+ 1/2-1/2

[Event "5th CNE NED-ch Rapid 2019"]
[Site "Amstelveen"]
[Date "2019.12.01"]
[Round "4.1"]
[White "Van Wely, Loek"]
[Black "Smeets, Jan"]
[Result "1-0"]
[ECO "D30"]
[WhiteElo "2610"]
[BlackElo "2596"]
[Annotator "ChessBase"]
[PlyCount "59"]
[EventDate "2019.11.30"]
[EventType "tourn"]
[EventCountry "NED"]
[SourceTitle "playchess.com"]
[Source "ChessBase"]
[SourceQuality "1"]
[TimeControl "900+10"]

1. c4 c6 2. Nf3 d5 3. d4 Nf6 4. Qb3 e6 5. g3 dxc4 6. Qxc4 b5 7. Qc2 Bb7 8. Bg2 Nbd7 9. Nc3 a6 10. Ne5 Qb6 11. Nxd7 Nxd7 12. O-O Qxd4 13. Rd1 Qb6 14. Ne4 Qc7 15. a4 Be7 16. Bf4 e5 17. Bg5 Bxg5 18. Nd6+ Ke7 19. axb5 axb5 20. Nxb5 Qd8 21. Rxa8 Qxa8 22. Qf5 Rd8 23. Qxg5+ Kf8 24. Nd6 Nf6 25. Qxe5 Ne8 26. Qc5 Kg8 27. Rd3 Qa1+ 28. Bf1 Qxb2 29. Nxb7 Rxd3 30. Qxc6 1-0

[Event "5th CNE NED-ch Rapid 2019"]
[Site "Amstelveen"]
[Date "2019.12.01"]
[Round "4.2"]
[White "Timman, Jan H"]
[Black "Reinderman, Dimitri"]
[Result "0-1"]
[ECO "B31"]
[WhiteElo "2528"]
[BlackElo "2575"]
[Annotator "ChessBase"]
[PlyCount "124"]
[EventDate "2019.11.30"]
[EventType "tourn"]
[EventCountry "NED"]
[SourceTitle "playchess.com"]
[Source "ChessBase"]
[SourceQuality "1"]
[TimeControl "900+10"]

1. e4 c5 2. Nf3 Nc6 3. Bb5 Nf6 4. d3 g6 5. Nc3 Bg7 6. O-O O-O 7. e5 Ne8 8. Bxc6 bxc6 9. Re1 f6 10. Bf4 fxe5 11. Bxe5 d6 12. Bxg7 Nxg7 13. d4 Bg4 14. dxc5 Bxf3 15. gxf3 d5 16. Qe2 Rf7 17. Qe5 Qd7 18. Rad1 Raf8 19. Rd3 Nh5 20. Ne2 Rf5 21. Qc3 Rg5+ 22. Ng3 Nf4 23. Re4 e5 24. h4 Qh3 25. Rxf4 Rxg3+ 26. fxg3 Qxg3+ 27. Kf1 Rxf4 28. Ke2 Rxh4 29. Re3 d4 30. Qb3+ Kg7 31. Qb7+ Kh6 32. Rb3 Rh2+ 33. Kd3 Qxf3+ 34. Kc4 Qd5+ 35. Kb4 e4 36. Qc7 Rh4 37. Qe7 Qg5 38. Qf8+ Kh5 39. Ka5 h6 40. Rb7 Qd2+ 41. b4 Qxc2 42. a4 e3 43. Rh7 Kg4 44. Qc8+ Kg3 45. Qxc6 Qe4 46. Qd6+ Kg2 47. Re7 e2 48. Rxe4 Rxe4 49. Qxg6+ Kf3 50. Qh5+ Ke3 51. Qh1 d3 52. c6 d2 53. Qh3+ Kd4 54. Qd7+ Ke3 55. Qh3+ Kd4 56. Qd7+ Kc3 57. c7 Re5+ 58. b5 d1=Q 59. c8=Q+ Kb2 60. Qdc6 e1=Q+ 61. Ka6 Qxa4+ 62. Kb7 Qxb5+ 0-1

[Event "5th CNE NED-ch Rapid 2019"]
[Site "Amstelveen"]
[Date "2019.12.01"]
[Round "4.3"]
[White "Van Foreest, Jorden"]
[Black "Pruijssers, Roeland"]
[Result "1/2-1/2"]
[ECO "B01"]
[WhiteElo "2632"]
[BlackElo "2557"]
[Annotator "ChessBase"]
[PlyCount "155"]
[EventDate "2019.11.30"]
[EventType "tourn"]
[EventCountry "NED"]
[SourceTitle "playchess.com"]
[Source "ChessBase"]
[SourceQuality "1"]
[TimeControl "900+10"]

1. e4 d5 2. exd5 Qxd5 3. Nc3 Qa5 4. Bc4 Nf6 5. Nf3 Bf5 6. d4 e6 7. Bd2 Bb4 8. a3 Bxc3 9. Bxc3 Qb6 10. O-O Nc6 11. a4 a5 12. b3 O-O-O 13. Bb2 Bg4 14. c3 Ne5 15. Qe2 Nxc4 16. bxc4 Bxf3 17. gxf3 Qa6 18. Rab1 Nd5 19. Rfe1 Nb6 20. c5 Qxe2 21. Rxe2 Nc4 22. Bc1 Rd5 23. Bf4 Rf5 24. Bg3 Rxf3 25. d5 Re8 26. Rc1 Rf5 27. Rd1 c6 28. dxc6 bxc6 29. Rb1 e5 30. Rbe1 Rd8 31. Bxe5 Nd2 32. Bd6 Nf3+ 33. Kg2 Nxe1+ 34. Rxe1 Rxd6 35. cxd6 Kd7 36. Re7+ Kxd6 37. Ra7 g5 38. Kf1 g4 39. Ke2 h5 40. Ke3 Rf3+ 41. Ke2 Rxc3 42. Rxa5 Rh3 43. Rf5 Rxh2 44. Kf1 Rh1+ 45. Ke2 Ra1 46. Rxf7 Rxa4 47. Rf6+ Kc7 48. Rh6 Ra5 49. Ke3 Rf5 50. Ke4 Rxf2 51. Rxh5 g3 52. Rg5 g2 53. Kd4 Kb6 54. Kc4 Re2 55. Kd3 Ra2 56. Kc4 Rb2 57. Rg7 Rd2 58. Kc3 Rf2 59. Kc4 Rf4+ 60. Kc3 Rf3+ 61. Kc4 Rf2 62. Kb4 Re2 63. Kc4 Ka6 64. Kb4 Rf2 65. Kc4 Ka5 66. Ra7+ Kb6 67. Rg7 Ra2 68. Kb3 Re2 69. Kc4 Ka6 70. Kb4 Rf2 71. Kc4 Kb6 72. Kb4 c5+ 73. Kc4 Kc6 74. Rg6+ Kd7 75. Kxc5 Ke7 76. Kd4 Kf7 77. Ke3 Ra2 78. Rg4 1/2-1/2

[Event "5th CNE NED-ch Rapid 2019"]
[Site "Amstelveen"]
[Date "2019.12.01"]
[Round "4.4"]
[White "Van den Doel, Erik"]
[Black "Ernst, Sipke"]
[Result "1/2-1/2"]
[ECO "C81"]
[WhiteElo "2598"]
[BlackElo "2553"]
[Annotator "ChessBase"]
[PlyCount "72"]
[EventDate "2019.11.30"]
[EventType "tourn"]
[EventCountry "NED"]
[SourceTitle "playchess.com"]
[Source "ChessBase"]
[SourceQuality "1"]
[TimeControl "900+10"]

1. e4 e5 2. Nf3 Nc6 3. Bb5 a6 4. Ba4 Nf6 5. O-O Nxe4 6. d4 b5 7. Bb3 d5 8. dxe5 Be6 9. Qe2 Be7 10. Rd1 O-O 11. c4 bxc4 12. Bxc4 Bc5 13. Be3 Bxe3 14. Qxe3 Qb8 15. Bb3 Na5 16. Nbd2 Qa7 17. Nxe4 Qxe3 18. fxe3 Nxb3 19. axb3 dxe4 20. Nd4 c5 21. Nc6 Bxb3 22. Rd6 Rfe8 23. Ra5 Kf8 24. Rxc5 Rac8 25. Ra5 Bc4 26. Nd4 Bd3 27. Kf2 Rc1 28. e6 fxe6 29. Rxe6 Rb8 30. b3 Kg8 31. Rf5 Rf1+ 32. Kg3 Rxf5 33. Nxf5 Rxb3 34. Re8+ Kf7 35. Nd6+ Kf6 36. Nxe4+ Bxe4 1/2-1/2

[Event "5th CNE NED-ch Rapid 2019"]
[Site "Amstelveen"]
[Date "2019.12.01"]
[Round "5.1"]
[White "Reinderman, Dimitri"]
[Black "Van Foreest, Jorden"]
[Result "1/2-1/2"]
[ECO "A23"]
[WhiteElo "2575"]
[BlackElo "2632"]
[Annotator "RC"]
[PlyCount "155"]
[EventDate "2019.11.30"]
[EventType "tourn"]
[EventCountry "NED"]
[SourceTitle "playchess.com"]
[Source "ChessBase"]
[SourceQuality "1"]
[TimeControl "900+10"]

1. c4 e5 2. g3 Nf6 3. Bg2 Bc5 4. Nc3 O-O 5. e3 c6 6. Nge2 d5 7. cxd5 cxd5 8. d4 exd4 9. exd4 Bb6 10. Bg5 Nc6 11. O-O Be6 12. Nf4 h6 13. Bxf6 Qxf6 14. Ncxd5 Bxd5 15. Nxd5 Qxd4 16. Qb3 Rfe8 17. Rad1 Qc5 18. Nxb6 axb6 19. Rd5 Qe7 20. Rfd1 Qf6 21. Rd6 Re6 22. Rxe6 Qxe6 23. Qxe6 fxe6 24. a3 b5 25. Rd7 Rb8 26. Bf1 b4 27. axb4 Nxb4 28. Bc4 Nd5 29. Bxd5 exd5 30. Rxd5 Re8 31. Rd7 b5 32. Rd5 b4 33. Rd4 Rb8 34. Kf1 Kf7 35. Ke2 Ke6 36. Kd3 g5 37. f4 Kf5 38. h3 gxf4 39. Rxf4+ Ke5 40. Rh4 Rd8+ 41. Ke3 Rg8 42. Kf3 Rf8+ 43. Rf4 Rb8 44. b3 h5 45. Rh4 Rc8 46. Rxb4 Rc3+ 47. Kf2 Rc2+ 48. Ke1 Rc3 49. Kf2 Rc2+ 50. Kf1 Rc3 51. Rb5+ Ke4 52. Rxh5 Rxg3 53. b4 Rb3 54. Kg2 Rb2+ 55. Kg3 Rb3+ 56. Kg4 Rxb4 57. Ra5 Rb1 58. h4 Rg1+ 59. Kh5 Kf4 60. Kh6 Rb1 61. Rg5 Rb8 62. Kh7 Rb7+ 63. Kg6 Rb6+ 64. Kh5 Rb8 65. Rg6 Kf5 66. Rg5+ Kf6 67. Ra5 Kg7 68. Kg5 Kh8 69. h5 Rb6 70. Rf5 Rc6 71. Rf6 Rxf6 72. Kxf6 Kh7 73. Kg5 Kg7 74. h6+ Kh7 75. Kh5 Kh8 76. Kg6 Kg8 77. h7+ Kh8 78. Kh6 1/2-1/2

[Event "5th CNE NED-ch Rapid 2019"]
[Site "Amstelveen"]
[Date "2019.12.01"]
[Round "5.4"]
[White "Ernst, Sipke"]
[Black "Timman, Jan H"]
[Result "1/2-1/2"]
[ECO "E01"]
[WhiteElo "2553"]
[BlackElo "2528"]
[Annotator "ChessBase"]
[PlyCount "141"]
[EventDate "2019.11.30"]
[EventType "tourn"]
[EventCountry "NED"]
[SourceTitle "playchess.com"]
[Source "ChessBase"]
[SourceQuality "1"]
[TimeControl "900+10"]

1. d4 Nf6 2. c4 e6 3. g3 c5 4. Nf3 cxd4 5. Nxd4 d5 6. Bg2 e5 7. Nf3 d4 8. O-O Nc6 9. e3 Be6 10. exd4 exd4 11. Re1 Bb4 12. Bd2 Bxd2 13. Nbxd2 O-O 14. Ne5 Qb6 15. Qb3 Qc7 16. Nxc6 bxc6 17. Qa3 Rad8 18. Qc5 Rd6 19. b4 Nd7 20. Qh5 Nf6 21. Qc5 Nd7 22. Qh5 Nf6 23. Qe5 Rd7 24. Qc5 Rc8 25. a4 h6 26. a5 Rdd8 27. Rad1 Nd7 28. Qe7 Re8 29. Qh4 c5 30. b5 Qxa5 31. Bc6 Qd8 32. Qf4 Qc7 33. Qxc7 Rxc7 34. Ne4 Rd8 35. Nd6 Nb8 36. Nb7 Nxc6 37. bxc6 Rdc8 38. Nxc5 Bxc4 39. Rxd4 Bb5 40. Ne4 Bxc6 41. Nd6 Rb8 42. Rc4 Re7 43. Rec1 Bd5 44. Rc5 Be6 45. f4 Bh3 46. Kf2 Rd8 47. Nc4 Be6 48. f5 Bxc4 49. R1xc4 Rd2+ 50. Kf3 Rxh2 51. Rc8+ Kh7 52. Rd8 g6 53. fxg6+ fxg6 54. Re4 Rxe4 55. Rd7+ Kg8 56. Kxe4 Ra2 57. Ke5 Ra6 58. g4 g5 59. Kf5 Kf8 60. Ke5 Ra4 61. Kf5 Ke8 62. Rd6 Rf4+ 63. Kg6 Rxg4 64. Kxh6 a5 65. Kh5 Rb4 66. Kxg5 Ke7 67. Rd5 a4 68. Kf5 Rh4 69. Rd3 Rc4 70. Ke5 Rh4 71. Kd5 1/2-1/2

[Event "5th CNE NED-ch Rapid 2019"]
[Site "Amstelveen"]
[Date "2019.12.01"]
[Round "6.1"]
[White "Ernst, Sipke"]
[Black "Smeets, Jan"]
[Result "1/2-1/2"]
[ECO "D11"]
[WhiteElo "2553"]
[BlackElo "2596"]
[Annotator "ChessBase"]
[PlyCount "268"]
[EventDate "2019.11.30"]
[EventType "tourn"]
[EventCountry "NED"]
[SourceTitle "playchess.com"]
[Source "ChessBase"]
[SourceQuality "1"]
[TimeControl "900+10"]

1. d4 d5 2. c4 c6 3. Nf3 Nf6 4. Nbd2 Bf5 5. Nh4 Be6 6. e3 g6 7. Qb3 Qc7 8. Nhf3 Bg7 9. Bd3 O-O 10. Qc2 dxc4 11. Nxc4 c5 12. Nce5 Nbd7 13. Bd2 Nxe5 14. Nxe5 Rac8 15. Nf3 Rfd8 16. Rc1 Qd6 17. Qa4 Bd5 18. Qxa7 c4 19. Be2 Ra8 20. Qc5 Qxc5 21. dxc5 Rxa2 22. Bxc4 Bxc4 23. Rxc4 Rxb2 24. Bc1 Rb1 25. O-O Rc8 26. e4 b5 27. Rd4 Ne8 28. Rd5 e6 29. Rd7 Rxc5 30. Be3 Rxf1+ 31. Kxf1 Rc8 32. e5 Nc7 33. Bd2 h6 34. g3 Bf8 35. Nd4 b4 36. Ke2 Nd5 37. Rb7 Ra8 38. Nc6 Ra2 39. Kd3 Ra3+ 40. Ke2 Nc3+ 41. Kf1 Ra1+ 42. Kg2 Rd1 43. Be3 Nd5 44. Rb8 Nxe3+ 45. fxe3 Rb1 46. h4 Kg7 47. Rb7 Rd1 48. Nd4 Kg8 49. Rb8 h5 50. Kf3 Rc1 51. Nb5 Rc5 52. Ke4 Rc4+ 53. Kf3 Rc5 54. Ke4 Kg7 55. Nd6 Bxd6 56. exd6 Rd5 57. Rxb4 Rxd6 58. Kf3 Kf6 59. Rf4+ Ke7 60. Ra4 Rd1 61. Ra5 Rf1+ 62. Kg2 Rf5 63. Ra7+ Kd6 64. e4 Rf6 65. Ra5 Kc6 66. Re5 Kb6 67. Rg5 Kc6 68. Ra5 Kd7 69. Rb5 Ke7 70. Ra5 e5 71. Rxe5+ Re6 72. Ra5 Rxe4 73. Kf3 Rb4 74. Ra6 Rd4 75. Rb6 Rd6 76. Rb5 Ke6 77. Ra5 Rd3+ 78. Kf4 Rd4+ 79. Kf3 Rd5 80. Ra7 Rf5+ 81. Kg2 Rb5 82. Kf3 f6 83. Ra3 Kf5 84. Rc3 Rd5 85. Ra3 Ke5 86. Re3+ Kf5 87. Ra3 Ke6 88. Ra6+ Rd6 89. Ra3 Rd7 90. Ra6+ Kf7 91. Ra3 Re7 92. Ra6 Kg7 93. Rb6 g5 94. hxg5 fxg5 95. Ra6 Rf7+ 96. Kg2 Rf6 97. Ra5 Kg6 98. Rb5 Re6 99. Kf3 Kf6 100. Ra5 Rb6 101. Rc5 Rb3+ 102. Kg2 Re3 103. Ra5 Re5 104. Ra4 Rd5 105. Ra3 Kf5 106. Kf3 Ke5 107. Re3+ Kd4 108. Re4+ Kd3 109. Re8 Rf5+ 110. Kg2 g4 111. Re7 Kd4 112. Ra7 Rc5 113. Rd7+ Rd5 114. Ra7 Ke3 115. Re7+ Kd3 116. Ra7 Ke4 117. Re7+ Kf5 118. Re2 Rd4 119. Rf2+ Ke5 120. Re2+ Kd5 121. Ra2 Ke4 122. Re2+ Kd5 123. Ra2 Rc4 124. Ra5+ Rc5 125. Ra4 Ke5 126. Rf4 Rd5 127. Rf2 Ke4 128. Rf4+ Ke3 129. Rf8 Rd2+ 130. Kg1 Ke2 131. Rf2+ Kd3 132. Rf5 Ke3 133. Rxh5 Kf3 134. Ra5 Rd1+ 1/2-1/2

[Event "5th CNE NED-ch Rapid 2019"]
[Site "Amstelveen"]
[Date "2019.12.01"]
[Round "6.2"]
[White "Timman, Jan H"]
[Black "Van Foreest, Jorden"]
[Result "1/2-1/2"]
[ECO "D78"]
[WhiteElo "2528"]
[BlackElo "2632"]
[Annotator "ChessBase"]
[PlyCount "24"]
[EventDate "2019.11.30"]
[EventType "tourn"]
[EventCountry "NED"]
[SourceTitle "playchess.com"]
[Source "ChessBase"]
[SourceQuality "1"]
[TimeControl "900+10"]

1. Nf3 d5 2. g3 g6 3. Bg2 Bg7 4. d4 Nf6 5. O-O O-O 6. c4 c6 7. Nbd2 a5 8. b3 a4 9. bxa4 Qa5 10. Ba3 Re8 11. Qb3 Qxa4 12. Bb2 dxc4 1/2-1/2

[Event "5th CNE NED-ch Rapid 2019"]
[Site "Amstelveen"]
[Date "2019.12.01"]
[Round "6.3"]
[White "Van Wely, Loek"]
[Black "Reinderman, Dimitri"]
[Result "1/2-1/2"]
[ECO "A96"]
[WhiteElo "2610"]
[BlackElo "2575"]
[Annotator "ChessBase"]
[PlyCount "103"]
[EventDate "2019.11.30"]
[EventType "tourn"]
[EventCountry "NED"]
[SourceTitle "playchess.com"]
[Source "ChessBase"]
[SourceQuality "1"]
[TimeControl "900+10"]

1. d4 f5 2. g3 Nf6 3. Bg2 e6 4. Nf3 Be7 5. O-O O-O 6. c4 d6 7. Nc3 Ne4 8. Qc2 Nxc3 9. bxc3 Nc6 10. e4 e5 11. Rb1 Kh8 12. dxe5 dxe5 13. Re1 f4 14. gxf4 exf4 15. Rb5 Qe8 16. Kh1 a6 17. Rd5 Be6 18. c5 Qg6 19. c4 Rae8 20. Rg1 Nb4 21. Qd2 Bxd5 22. cxd5 Bxc5 23. a3 Bxf2 24. Qxf2 Nd3 25. Qc2 Qxe4 26. Rd1 Nxc1 27. Qxc1 Qe7 28. h3 Qd7 29. Qb1 Re3 30. Kh2 b6 31. Qb4 Qd6 32. Qxd6 cxd6 33. a4 b5 34. axb5 axb5 35. Rb1 Rb8 36. Rb4 Rc3 37. Nd4 g5 38. Rxb5 Ra8 39. Rb2 h5 40. Rf2 Kh7 41. h4 gxh4 42. Nb5 Rb3 43. Nxd6 Kg6 44. Nc4 Ra4 45. Rxf4 Kg5 46. Re4 Ra2 47. Ne3 Re2 48. Nc4 Rxe4 49. Bxe4 Kf4 50. Bg2 Rc3 51. Nd2 Rd3 52. Nf3 {[%emt 0:00:47] Ke5} 1/2-1/2

[Event "5th CNE NED-ch Rapid 2019"]
[Site "Amstelveen"]
[Date "2019.12.01"]
[Round "6.4"]
[White "Van den Doel, Erik"]
[Black "Pruijssers, Roeland"]
[Result "1/2-1/2"]
[ECO "B01"]
[WhiteElo "2598"]
[BlackElo "2557"]
[Annotator "ChessBase"]
[PlyCount "120"]
[EventDate "2019.11.30"]
[EventType "tourn"]
[EventCountry "NED"]
[SourceTitle "playchess.com"]
[Source "ChessBase"]
[SourceQuality "1"]
[TimeControl "900+10"]

1. e4 d5 2. exd5 Qxd5 3. Nc3 Qa5 4. d4 Nf6 5. Bd2 Bg4 6. f3 Bd7 7. Bc4 Qb6 8. Nge2 e6 9. Be3 c5 10. d5 exd5 11. Nxd5 Nxd5 12. Bxd5 Be7 13. O-O O-O 14. c3 Be6 15. Bxe6 Qxe6 16. Bf2 Nc6 17. Nf4 Qc4 18. Nd5 Rad8 19. Nxe7+ Nxe7 20. Qb3 Qd5 21. Qxd5 Rxd5 22. c4 Rf5 23. Rad1 b6 24. Rd7 Nc6 25. Re1 h5 26. b3 Rc8 27. Kf1 g6 28. h3 Kf8 29. Bh4 g5 30. Bg3 Kg7 31. Re4 Rd8 32. Rxd8 Nxd8 33. Be5+ Kg6 34. Ke2 Nc6 35. Bc3 h4 36. Ke3 Nb4 37. Bxb4 cxb4 38. Re7 Ra5 39. f4 gxf4+ 40. Kxf4 Rxa2 41. g3 hxg3 42. Kxg3 Ra3 43. Kg2 a5 44. Rb7 Rxb3 45. Rxb6+ f6 46. Ra6 Ra3 47. c5 b3 48. c6 a4 49. c7 Ra2+ 50. Kf3 Rc2 51. Rxa4 Rxc7 52. Rb4 Rc3+ 53. Kg4 Kf7 54. h4 Ke6 55. h5 f5+ 56. Kf4 Rh3 57. Rb6+ Kd5 58. Kxf5 Kc4 59. h6 Kc3 60. Kg6 b2 1/2-1/2

[Event "5th CNE NED-ch Rapid 2019"]
[Site "Amstelveen"]
[Date "2019.12.01"]
[Round "7.1"]
[White "Reinderman, Dimitri"]
[Black "Van den Doel, Erik"]
[Result "1/2-1/2"]
[ECO "A11"]
[WhiteElo "2575"]
[BlackElo "2598"]
[Annotator "ChessBase"]
[PlyCount "62"]
[EventDate "2019.11.30"]
[EventType "tourn"]
[EventCountry "NED"]
[SourceTitle "playchess.com"]
[Source "ChessBase"]
[SourceQuality "1"]
[TimeControl "900+10"]

1. c4 c6 2. Nf3 d5 3. g3 Bg4 4. Bg2 e6 5. O-O Nd7 6. cxd5 exd5 7. d3 Bd6 8. e4 Ne7 9. h3 Bh5 10. Nc3 O-O 11. g4 Bg6 12. Nh4 dxe4 13. dxe4 Ne5 14. f4 Nc8 15. Nxg6 Nxg6 16. e5 Bc5+ 17. Kh2 Nb6 18. Qe2 Qc7 19. Bd2 Rad8 20. Be1 f6 21. Bg3 fxe5 22. fxe5 Rde8 23. Rxf8+ Bxf8 24. Re1 Nxe5 25. Qd1 Nbd7 26. Ne4 Qb6 27. Qc2 Be7 28. Nc3 Bd6 29. Ne4 Be7 30. Nc3 Bd6 31. Ne4 Be7 1/2-1/2